 Dungeon Crawl Stone Soup version 0.28.0-53-g5a82cb258f (webtiles) character file.

Game seed: 3855509785161075909

284 Stomo the Ruffian (level 6, -5/51 HPs)
             Began as a Draconian Transmuter on July 9, 2022.
             Slain by a steam dragon (6 damage)
             ... on level 4 of the Dungeon.
             The game lasted 00:05:05 (3019 turns).

Stomo the Ruffian (Draconian Transmuter)            Turns: 3019, Time: 00:05:06

Health: -5/51      AC:  6    Str: 14    XL:     6   Next: 7%
Magic:  10/10      EV: 12    Int: 14    God:
Gold:   92         SH:  0    Dex: 11    Spells: 8/11 levels left

rFire   . . .      SeeInvis .     - Unarmed
rCold   . . .      Faith    .   (no shield)
rNeg    . . .      Spirit   .   (armour unavailable)
rPois   .          Reflect  .   (helmet currently unavailable)
rElec   .          Harm     .   (no cloak)
rCorr   .          Rampage  .   (no gloves)
Will    .....                   (boots currently unavailable)
Stlth   +.........              (no amulet)
HPRegen 0.17/turn               (no ring)
MPRegen 0.12/turn               (no ring)

@: appendages (expiring), flying
A: horns 2, talons 2, AC +6, unfitting armour, cold-blooded
a: End Transformation


You were on level 4 of the Dungeon.
You had temporarily grown beastly horns and talons.
You visited 1 branch of the dungeon, and saw 4 of its levels.

You collected 92 gold pieces.

Inventory:

Jewellery
 i - a ring of see invisible
Wands
 h - a wand of iceblast (9)
Scrolls
 g - a scroll of identify
Potions
 b - a potion of heal wounds {unknown}
 c - 2 potions of brilliance {unknown}
 d - a potion of lignification {unknown}
 e - a potion of might {unknown}
 f - 3 potions of curing {unknown}


   Skills:
 + Level 3.0 Fighting
 + Level 3.0 Dodging
 + Level 4.0 Unarmed Combat
 + Level 3.1 Spellcasting
 + Level 3.3 Transmutations


You had 8 spell levels left.
You knew the following spells:

 Your Spells              Type           Power      Damage    Failure   Level
a - Beastly Appendage     Tmut           22%        N/A       5%          1
b - Wereblood             Tmut           11%        N/A       9%          2

Your spell library contained the following spells:

 Spells                   Type           Power      Damage    Failure   Level
 Spider Form              Tmut/Pois      6%         N/A       32%         3
 Gell's Gravitas          Tloc           2%         N/A       54%         3
 Teleport Other           Tloc           2%         N/A       54%         3
 Ice Form                 Ice/Tmut       6%         N/A       71%         4
 Dispersal                Tloc           1%         N/A       100%        6


Dungeon Overview and Level Annotations

Branches:
Dungeon (4/15)
 Temple: D:4-7

Altars:
Lugonu

Shops:
D:4 =

Portals:
Abyss: D:3

Annotations:
D:3 Grinder


Innate Abilities, Weirdness & Mutations

You have temporarily grown beastly horns and talons.
Your plain brown scales are hard. (AC +6)
You cannot fit into any form of body armour.
You are cold-blooded and may be slowed by cold attacks.


Message History

The steam dragon is heavily wounded.
The steam dragon closely misses you. The steam dragon claws you.
Found a scroll of teleportation.
You are engulfed in a cloud of scalding steam.
The steam dragon closely misses you.
The steam dragon claws you but does no damage.
The steam dragon closely misses you. The steam dragon barely misses you.
You barely miss the steam dragon. Your kick misses the steam dragon.
Your headbutt misses the steam dragon.
The steam dragon is heavily wounded.
The steam dragon closely misses you. The steam dragon barely misses you.
You hit the steam dragon but do no damage.
You tail-slap the steam dragon, but do no damage.
You punch the steam dragon, but do no damage.
The steam dragon is heavily wounded.
The steam dragon completely misses you. The steam dragon barely misses you.
You punch the steam dragon! Your kick misses the steam dragon.
You headbutt the steam dragon.
The steam dragon is almost dead.
The steam dragon bites you.
* * * LOW HITPOINT WARNING * * *
The steam dragon claws you.
* * * LOW HITPOINT WARNING * * *
You hit the steam dragon but do no damage.
Your headbutt misses the steam dragon.
Your tail-slap misses the steam dragon.
The steam dragon is almost dead.
The steam dragon bites you!
* * * LOW HITPOINT WARNING * * *
The steam dragon claws you but does no damage.
You barely miss the steam dragon. Your headbutt misses the steam dragon.
The steam dragon is almost dead.
Your transformation is almost over.
The steam dragon bites you.
* * * LOW HITPOINT WARNING * * *
The steam dragon completely misses you.
Unknown command.
It was a potion of flight.
You feel very buoyant.
You fly up into the air.
The steam dragon bites you.
You die...

###+##... #........
#........
#..?....########...##...
+.......+.......<..##.∩.
#.......#.....##...##...
#.......#.... #...##...
#.......###+####....#...
###+#..............#....#...
...........@.......+....#...
..........D........#+####...
........................####
.......>....................
............................
............................
......>.....................
............................
.........)..#######.........


You could see a steam dragon.

Vanquished Creatures
  A phantom (D:4)
  A scorpion (D:3)
  Terence (D:2)
  3 adders
  A howler monkey skeleton (D:3)
  A worm (D:2)
  4 dart slugs
  2 orcs (D:3)
  9 ball pythons
  8 endoplasms
  A giant cockroach (D:3)
  5 hobgoblins
  3 jackals (D:1)
  A quokka (D:2)
  7 bats
  6 frilled lizards
  7 goblins
  6 kobolds
  9 rats
76 creatures vanquished.

Vanquished Creatures (others)
  A lurking horror (D:3)
1 creature vanquished.

Grand Total: 77 creatures vanquished

Notes
Turn   | Place    | Note
-------+----------+-------------------------------------------
     0 | D:1      | Stomo the Draconian Transmuter began the quest for the Orb.
     0 | D:1      | Reached XP level 1. HP: 16/16 MP: 3/3
   198 | D:1      | Reached XP level 2. HP: 23/23 MP: 3/5
   962 | D:2      | Reached XP level 3. HP: 29/29 MP: 4/6
   965 | D:2      | Learned a level 2 spell: Wereblood
  1464 | D:2      | Noticed Terence
  1473 | D:2      | Killed Terence
  1474 | D:2      | Reached XP level 4. HP: 36/36 MP: 5/7
  1522 | D:2      | Found a faded altar of an unknown god.
  1906 | D:3      | Noticed a scorpion
  1921 | D:3      | Killed a scorpion
  1922 | D:3      | Reached XP level 5. HP: 25/42 MP: 9/9
  2590 | D:3      | Found a corrupted altar of Lugonu.
  2590 | D:3      | Found a one-way gate to the infinite horrors of the Abyss.
  2788 | D:3      | Noticed Grinder
  2788 | D:3      | Paralysed by Grinder for 3 turns
  2808 | D:4      | Found Ycahoqos's Jewellery Boutique.
  2901 | D:4      | Noticed a phantom
  2919 | D:4      | Killed a phantom
  2920 | D:4      | Reached skill level 4 in Unarmed Combat
  2920 | D:4      | Reached XP level 6. HP: 42/51 MP: 5/10
  3005 | D:4      | Noticed a steam dragon
  3017 | D:4      | HP: 2/51 [steam dragon (9)]
  3019 | D:4      | Slain by a steam dragon

Illustrated notes

Levels and vault maps discovered:
D:1:      lemuel_arrival_behind_the_door_large, layout_loops_ring
D:2:      layout_rooms, dreamdust_ecumenical_altar_grove, grunt_ministairs_14,
          uniq_terence
D:3:      minmay_wonky_spiral, layout_rooms, nicolae_overflow_hidden_temple,
          amcnicky_altar_lugonu_corruption, uniq_grinder
D:4:      layout_gridville, minmay_temple_entry_arrows, serial_shops, shop,
          enter_ossuary_1, minmay_shop_enchanted_jewellery

Skill      XL: |  1  2  3  4  5 |
---------------+----------------+-----
Dodging        | 2 3 |  3.0
Fighting       | 2 3 |  3.0
Transmutations | 3 |  3.3
Spellcasting   | 3 |  3.1
Unarmed Combat | 4 |  4.0

Action                   |  1- 3 |  4- 6 || total
-------------------------+-------+-------++-------
Melee: Unarmed           |    99 |    91 ||   190
       Tailslap          |     9 |    12 ||    21
       Headbutt          |    14 |    15 ||    29
       Kick              |    13 |    21 ||    34
       Punch             |     2 |     2 ||     4
 Cast: Beastly Appendage |    28 |    17 ||    45
       Wereblood         |     4 |    10 ||    14
  Use: Scroll            |     3 |     2 ||     5
       Potion            |     1 |     1 ||     2
 Stab: Sleeping          |     2 |       ||     2
Armor: Skin              |    32 |    22 ||    54
Dodge: Dodged            |    71 |    48 ||   119
